 Dungeon Crawl Stone Soup version 0.24.1-4-ge52af88ad5 (webtiles) character file.

Game seed: 874189961761261077, levelgen mode: deterministic

628109 merak the Slayer (level 27, -32/250 HPs)
             Began as a Tengu Air Elementalist on Apr 14, 2020.
             Was the Champion of Cheibriados.
             Killed from afar by an orb of fire (51 damage)
             ... with a bolt of fire
             ... on level 3 of the Realm of Zot on Apr 15, 2020.
             The game lasted 06:47:28 (81264 turns).

merak the Slayer (Tengu Air Elementalist)          Turns: 81264, Time: 06:47:29

Health: -32/250    AC: 37    Str: 35    XL:     27
Magic:  20/39      EV: 26    Int: 35    God:    Cheibriados [******]
Gold:   2716       SH: 39    Dex: 32    Spells: 2/48 levels left

rFire    . . .     SeeInvis .   b - +7 Singing Sword {slice, sonic wave}
rCold    . . .     Gourm    .   X - +18 shield of the Gong {rElec rN+ MR+ EV-5}
rNeg     + + +     Faith    .   (armour currently unavailable)
rPois    ∞         Spirit   .   h - +2 hat {Int+3}
rElec    +         Reflect  +   H - +1 cloak of the Blind Marksman {rElec rN+ Str+2}
rCorr    .         Harm     .   (gloves currently unavailable)
MR       +++..                  (boots unavailable)
Stlth    +++.......             N - +4 amulet of reflection
HPRegen  0.51/turn              x - ring of wizardry
MPRegen  0.26/turn              g - +5 ring of protection

@: statue-form, flying quickly and evasively, very slow
A: beak, horns 1, talons 3, mutation resistance 1, able to fly, sturdy frame 1
}: 3/15 runes: decaying, slimy, gossamer
a: Stop Flying, End Transformation, Bend Time, Temporal Distortion, Slouch, Step
From Time, Renounce Religion


You were on level 3 of the Realm of Zot.
You worshipped Cheibriados.
Cheibriados was exalted by your worship.
You were not hungry.
You were a stone statue.
You visited 11 branches of the dungeon, and saw 56 of its levels.
You visited the Abyss 3 times.
You visited 1 bazaar.
You also visited: Trove, Sewer and Bailey.

You collected 11487 gold pieces.
You spent 8771 gold pieces at shops.

Inventory:

Hand Weapons
 a - a +9 short sword of electrocution
 b - the +7 Singing Sword (weapon) {slice, sonic wave}
   (You took it off a white draconian on level 5 of the Depths)

   It inflicts extra damage upon your enemies.
 u - the +7 scimitar of the Dwarven Hall {antimagic, rN+ Str+6 Stlth+}
   (You found it on level 14 of the Dungeon)

   It reduces the magical energy of the wielder, and disrupts the spells and
   magical abilities of those hit.
   Natural abilities and divine invocations are not affected.
   It affects your strength (+6).
   It protects you from negative energy.
   It makes you more stealthy.
Missiles
 i - 20 curare-tipped darts
 k - 16 boomerangs (quivered)
Armour
 h - a +2 hat of intelligence (worn)
 H - the +1 cloak of the Blind Marksman (worn) {rElec rN+ Str+2}
   (You acquired it on level 6 of the Lair of Beasts)

   It affects your strength (+2).
   It insulates you from electricity.
   It protects you from negative energy.
 J - the +1 plate armour of the Vestibule of Hell {rN+ MR+ Regen+}
   (You found it in a treasure trove)

   It protects you from negative energy.
   It affects your resistance to hostile enchantments.
   It increases your rate of regeneration.
 W - the +0 pair of fencer's gloves (melded) {Riposte Dex+3}
   (You found it on level 2 of the Lair of Beasts)

   It affects your dexterity (+3).
 X - the +18 shield of the Gong (worn) {rElec rN+ MR+ EV-5}
   (You found it in a treasure trove)

   It affects your evasion (-5).
   It insulates you from electricity.
   It protects you from negative energy.
   It affects your resistance to hostile enchantments.
 Y - the +0 pearl dragon scales of Beogh (melded) {rF+ rN+ rCorr Dex-3 Stlth+}
   (You bought it in a shop on level 3 of the Vaults)

   It affects your dexterity (-3).
   It protects you from fire.
   It protects you from negative energy.
   It provides partial protection from all sources of acid and corrosion.
   It makes you more stealthy.
Jewellery
 e - an uncursed ring of fire
 g - a +5 ring of protection (right hand)
 x - a ring of wizardry (left hand)
 D - an uncursed ring of protection from cold
 N - a +4 amulet of reflection (around neck)
 Q - the ring of Fan Ygru {rPois rF+ MR+ rCorr}
   (You found it on level 5 of the Pits of Slime)

   [ring of resist corrosion]

   It protects you from fire.
   It protects you from poison.
   It affects your resistance to hostile enchantments.
   It provides partial protection from all sources of acid and corrosion.
 S - an uncursed ring of protection from magic
Wands
 w - a wand of clouds (14)
 I - a wand of iceblast (42)
 M - a wand of acid (18)
 P - a wand of paralysis (35)
Scrolls
 d - 6 scrolls of magic mapping
 j - 6 scrolls of fog
 l - 4 scrolls of immolation
 n - 20 scrolls of remove curse
 t - 6 scrolls of amnesia
 y - 3 scrolls of summoning
 B - 3 scrolls of blinking
 C - 6 scrolls of enchant armour
 E - 4 scrolls of identify
 G - a scroll of acquirement
 K - 4 scrolls of silence
 R - 10 scrolls of teleportation
 V - 6 scrolls of fear
Potions
 f - 4 potions of ambrosia
 m - 5 potions of magic
 p - 2 potions of might
 r - 14 potions of curing
 z - 5 potions of invisibility
 A - 4 potions of agility
 F - 6 potions of lignification
 L - 5 potions of resistance
 O - 7 potions of brilliance
 U - 5 potions of heal wounds
 Z - 2 potions of cancellation
Miscellaneous
 s - 2 phantom mirrors
 v - a lamp of fire
Comestibles
 c - 71 rations


   Skills:
 - Level 25.5 Fighting
 - Level 12.0(15.0) Short Blades
 - Level 15.2(16.6) Long Blades
 - Level 8.0 Throwing
 - Level 18.0 Armour
 - Level 11.0 Dodging
 - Level 2.0 Stealth
 - Level 15.0 Shields
 + Level 11.3 Spellcasting
 - Level 12.0 Conjurations
 - Level 4.0 Charms
   Level 7.9 Summonings
 - Level 12.3 Necromancy
 - Level 4.0 Translocations
 * Level 7.1 Transmutations
 - Level 4.0 Fire Magic
 - Level 13.0 Air Magic
 * Level 7.7 Earth Magic
 - Level 2.4 Poison Magic
 - Level 12.2 Invocations
 - Level 0.3 Evocations


You had 2 spell levels left.
You knew the following spells:

 Your Spells              Type           Power        Failure   Level  Hunger
a - Ignite Poison         Fire/Tmut/Pois ######..     1%          3    None
b - Static Discharge      Conj/Air       #######.     1%          3    None
c - Airstrike             Air            #######...   1%          4    None
d - Statue Form           Tmut/Erth      ######...    6%          6    ####...
e - Lightning Bolt        Conj/Air       #######...   1%          5    #......
f - Conjure Flame         Conj/Fire      ######..     1%          3    None
g - Regeneration          Chrm/Necr      ######....   1%          3    None
h - Apportation           Tloc           #####.       1%          1    None
i - Sticky Flame          Conj/Fire      ######..     1%          4    None
k - Blink                 Tloc           N/A          1%          2    None
l - Song of Slaying       Chrm           #####...     1%          2    None
m - Borgnjor's Vile Clut  Necr/Erth      ######....   1%          5    #......
n - Irradiate             Conj/Tmut      ######....   1%          5    #......

Your spell library contained the following spells:

 Spells                   Type           Power        Failure   Level  Hunger
 Animate Skeleton         Necr           N/A          0%          1    None
 Magic Dart               Conj           ####         0%          1    None
 Pain                     Necr           ####         0%          1    None
 Shock                    Conj/Air       ####         0%          1    None
 Corpse Rot               Necr           N/A          0%          2    None
 Sublimation of Blood     Necr           #######...   0%          2    None
 Confusing Touch          Hex            ###...       1%          1    None
 Flame Tongue             Conj/Fire      #####        1%          1    None
 Freeze                   Ice            ###.         1%          1    None
 Infusion                 Chrm           ####         1%          1    None
 Sting                    Conj/Pois      ####         1%          1    None
 Summon Butterflies       Summ           ######..     1%          1    None
 Summon Small Mammal      Summ           ####         1%          1    None
 Call Imp                 Summ           ######..     1%          2    None
 Ensorcelled Hibernation  Hex/Ice        ###...       1%          2    None
 Poisonous Vapours        Pois/Air       ######       1%          2    None
 Searing Ray              Conj           ######       1%          2    None
 Shroud of Golubria       Chrm/Tloc      #####.       1%          2    None
 Slow                     Hex            ###.....     1%          2    None
 Swiftness                Chrm/Air       ######..     1%          2    None
 Throw Flame              Conj/Fire      ######       1%          2    None
 Throw Frost              Conj/Ice       ######       1%          2    None
 Call Canine Familiar     Summ           ######..     1%          3    None
 Dazzling Spray           Conj/Hex       ######       1%          3    None
 Inner Flame              Hex/Fire       ####....     1%          3    None
 Mephitic Cloud           Conj/Pois/Air  ######..     1%          3    None
 Ozocubu's Armour         Chrm/Ice       ####....     1%          3    None
 Recall                   Summ/Tloc      N/A          1%          3    None
 Spectral Weapon          Hex/Chrm       ####....     1%          3    None
 Spider Form              Tmut/Pois      ######....   1%          3    None
 Stone Arrow              Conj/Erth      ######       1%          3    None
 Vampiric Draining        Necr           #######...   1%          3    None
 Animate Dead             Necr           N/A          1%          4    None
 Force Lance              Conj/Tloc      ######..     1%          4    None
 Fulminant Prism          Conj/Hex       ######....   1%          4    None
 Ice Form                 Ice/Tmut       #####...     1%          4    None
 Iskenderun's Mystic Bla  Conj           #######.     1%          4    None
 Leda's Liquefaction      Hex/Erth       #####.....   1%          4    None
 Passage of Golubria      Tloc           N/A          1%          4    None
 Petrify                  Tmut/Erth      ######..     1%          4    None
 Summon Ice Beast         Ice/Summ       #####...     1%          4    None
 Summon Lightning Spire   Summ/Air       #######.     1%          4    None
 Throw Icicle             Conj/Ice       ######..     1%          4    None
 Aura of Abjuration       Summ           ######....   1%          5    #......
 Dispel Undead            Necr           #######.     1%          5    #......
 Fireball                 Conj/Fire      ######....   1%          5    #......
 Lee's Rapid Deconstruct  Erth           ######....   1%          5    #......
 Silence                  Hex/Air        ######....   1%          5    #......
 Summon Demon             Summ           ######....   1%          5    #......
 Summon Forest            Summ/Tloc      ######....   1%          5    #......
 Venom Bolt               Conj/Pois      ######....   1%          5    #......
 Conjure Ball Lightning   Conj/Air       #######...   1%          6    ####...
 Death Channel            Necr           #######...   1%          6    ####...
 Iron Shot                Conj/Erth      ######....   2%          6    ####...
 Olgreb's Toxic Radiance  Pois           #####...     3%          4    None
 Alistair's Intoxication  Tmut/Pois      ######..     3%          5    #......
 Summon Mana Viper        Hex/Summ       #####...     4%          5    #......
 Deflect Missiles         Chrm/Air       ######....   4%          6    ####...
 Freezing Cloud           Conj/Ice/Air   ######....   4%          6    ####...
 Shadow Creatures         Summ           N/A          5%          6    ####...
 Hydra Form               Tmut           ######....   8%          6    ####...
 Simulacrum               Ice/Necr       ######....   11%         6    ####...
 Bolt of Cold             Conj/Ice       ######....   12%         6    ####...
 Metabolic Englaciation   Hex/Ice        ###.......   24%         5    #......
 Dispersal                Tloc           #####.....   26%         6    ####...
 Summon Hydra             Summ           ######....   26%         7    ######.
 Infestation              Necr           #######...   32%         8    #######
 Dragon Form              Tmut           ######....   36%         7    ######.
 Darkness                 Hex            ###.......   77%         6    ####...
 Invisibility             Hex            ###.....     77%         6    ####...
 Ozocubu's Refrigeration  Ice            ###.......   77%         6    ####...
 Ring of Flames           Chrm/Fire      #####.....   78%         7    ######.
 Tornado                  Air            #######...   98%         9    #######
 Disjunction              Tloc           #####.....   100%        8    #######


Dungeon Overview and Level Annotations

Branches:
Dungeon (15/15)            Temple (0/1) D:7            Lair (6/6) D:8
  Swamp (4/4) Lair:4       Spider (4/4) Lair:4        Slime (5/5) Lair:6
    Orc (2/2) D:10            Elf (3/3) Orc:2        Vaults (5/5) D:13
  Crypt (3/3) Vaults:2       Tomb (0/3) Crypt:3      Depths (5/5) D:15
    Zot (4/5) Depths:5      Sewer (visited)          Bailey (visited)

Altars:
Ashenzari
Cheibriados
Dithmenos
Fedhas
Gozag
Hepliaklqana
Kikubaaqudgha
Nemelex Xobeh
Okawaru
Trog
Xom
Yredelemnul
Beogh

Shops:
D:9 [   D:13 ?   D:14 (   Orc:2 (??:(   Elf:2 (   Vaults:3 %[[(   Depths:2 }=}
Depths:5 (

Portals:
Hell: Depths:1 Depths:2 Depths:3 Depths:4 Depths:5
Abyss: Depths:4
Pandemonium: Orc:2 Depths:3 Depths:5
Ziggurat: Depths:3

Annotations:
D:1 exclusion: downstairs
D:8 exclusion: downstairs
D:9 exclusion: downstairs
D:11 exclusions: door and downstairs
D:13 exclusion: 2 downstairs
Lair:4 exclusion: downstairs
Lair:5 2 transporters, exclusion: downstairs, happinesssam's ghost, journeyman FeEn
Swamp:4 1 runed translucent door, mortelune's ghost, adept DEFE
Elf:2 1 runed translucent door, exclusion: downstairs


Innate Abilities, Weirdness & Mutations

You have a beak for a mouth.
You have claws for feet.
You can fly continuously.
You have a pair of small horns on your head.
You are somewhat resistant to further mutation.
Your movements are slightly less encumbered by armour. (ER -2)


Message History

You can feel time thicken for a moment.
You kill the black draconian shifter!
Cheibriados thoroughly appreciates the change of pace.
Your Transmutations skill increases to level 7!
You feel somewhat more hungry. You block the red draconian's attack.
BOUMMMMG!
You hear a deafening roar! x2
You can feel time thicken for a moment.
You kill the red draconian!
Cheibriados appreciates the change of pace.
You kill the storm dragon!
Cheibriados thoroughly appreciates the change of pace.
The storm dragon scales are intact enough to wear.
You feel somewhat more hungry.
The orb of fire glows deep purple.
The fireball explodes!
The fireball engulfs you!!!
* * * LOW HITPOINT WARNING * * *
The fireball engulfs the orb of fire.
The orb of fire completely resists.
The orb of fire emits a lurid red light.
The bolt of fire hits you!!!
You die...

*,,**,,* *,,**,,<***,,,******
*,,**,,* *,,***,,,***,,,,,,,,
*,,**,,*###**,,,***,..#.,,,,,,,,
*,,**,,*#..#**,,,****...,*******
*****,,*#...#**,,,*....,********
*,,**#...#**,,,..#,,,,,,,,,,
*,,,**#...#**,.§##*,,,,,,,,,
******,,* *#...###...##********,
*,,,***** *#.$8#.....#********,
**,,,** ***##.)*[.#,,,,,,,,,,,,
**,,,** *,,*##..†##*,,,,,,,,,,,
**,,,***,,,*##..)##********,,*
**,,,***,,,*##).†#######**,,*
**,,,***,,,*##.).)...$$,,,,,
**,,,***,,,#..)....D..,,,,,
**,,,**#....)########*****
**,,,*##...##********* *


You could see an orb of fire.

Vanquished Creatures
  the Royal Jelly (Slime:5)
  3 ancient liches (Crypt:3)
  Mara (Depths:2)
  2 orbs of fire (Zot:2)
  2 juggernauts
  Sojobo (Crypt:2)
  2 curse toes (Zot:2)
  Bai Suzhen (Depths:1)
  Saint Roka (Depths:2)
  Xtahua (Depths:5)
  A caustic shrike (Depths:1)
  6 golden dragons
  A profane servitor (Depths:3)
  6 liches
  Arachne (Spider:4)
  A bone dragon (Swamp:4)
  An electric golem (Zot:2)
  Jorgrun (Orc:2)
  7 tentacled monstrosities
  Rupert (D:14)
  Asterion (Spider:1)
  A titan (Depths:2)
  32 acid blobs
  2 deep elf blademasters (Elf:3)
  8 death cobs
  A tentacled starspawn (Abyss:2)
  A quicksilver dragon (Depths:2)
  An ancient champion (Crypt:1)
  4 sphinxes
  2 shadow dragons (Zot:2)
  Kirke (D:14)
  A thorn hunter (Swamp:3)
  4 storm dragons
  6 draconian monks (Depths:5)
  Donald (Spider:1)
  4 tengu reavers
  18 azure jellies
  2 revenants
  9 fire giants
  5 deep elf sorcerers
  8 frost giants
  A draconian knight (Zot:1)
  6 vault wardens
  A balrug (Depths:3)
  9 ghost moths
  3 iron dragons
  Louise (D:14)
  A cacodemon (Abyss:2)
  The ghost of Purphixowk the Carver, a journeyman DsGl of Makhleb (D:15)
  5 draconian scorchers
  2 deep elf elementalists (Elf:3)
  2 curse skulls
  3 emperor scorpions (Spider:4)
  3 ghouls (Crypt:2)
  4 spriggan defenders
  4 draconian shifters
  6 draconian annihilators
  6 draconian stormcallers
  A reaper (Crypt:2)
  18 very ugly things
  3 war gargoyles (Crypt:3)
  8 ironheart preservers
  16 stone giants
  An entropy weaver (Vaults:4)
  11 deep elf demonologists
  5 green draconians
  3 deep elf annihilators
  14 vampire knights
  Azrael (D:13)
  6 purple draconians
  8 black draconians
  2 spark wasps (Spider:4)
  A dire elephant (Lair:6)
  10 red draconians
  6 yellow draconians
  16 white draconians
  4 eidola
  10 deep elf death magi
  13 ettins
  2 pearl dragon zombies (Depths:3)
  9 fire dragons
  Josephine (D:13)
  10 death oozes
  9 jiangshi
  14 great orbs of eyes
  15 ogre magi
  2 deep elf high priests (Elf:3)
  A hell beast (Depths:5)
  9 yaktaur captains
  8 rakshasas
  12 vault guards
  17 ice dragons
  5 ghost crabs
  2 shambling mangroves
  A spriggan air mage (Depths:2)
  20 hydras
  4 catoblepae
  3 death yaks (Lair:6)
  Erica (D:10)
  9 tengu warriors
  31 two-headed ogres
  9 centaur warriors
  A queen ant (Lair:3)
  10 deep troll shamans
  3 death knights
  18 alligators
  26 dancing weapons
  5 hell hogs (Depths:3)
  13 vampire magi
  8 orc high priests (Orc:2)
  2 thrashing horrors (Abyss:2)
  24 deep elf knights
  10 deep troll earth magi
  5 spriggan berserkers
  A sun demon (Orc:2)
  Sonja (Orc:2)
  2 soul eaters
  3 wretched stars
  A storm dragon skeleton (Crypt:3)
  2 fire crabs (Lair:2)
  A spatial maelstrom (Abyss:3)
  2 salamander mystics (Depths:5)
  5 shadow wraiths
  3 sixfirhies
  A death drake (shapeshifter) (D:15)
  An anaconda zombie (Crypt:1)
  A death drake (Depths:5)
  11 flayed ghosts
  3 unseen horrors
  3 iron trolls (Depths:2)
  13 skeletal warriors
  2 gelid demonspawn (Depths:3)
  2 spectral hydras (Swamp:4)
  2 infernal demonspawn
  A spriggan druid (Swamp:4)
  2 torturous demonspawn (Orc:2)
  5 swamp dragons
  28 deep trolls
  6 glowing orange brains
  4 wizards
  An anaconda skeleton (Crypt:2)
  5 harpies
  11 ironbrand convokers
  8 lindwurms
  15 orc knights
  20 phantasmal warriors
  12 deep elf archers
  75 deep elf magi
  3 necromancers
  8 orc sorcerers
  3 cyclopes
  18 orb spiders
  23 wolf spiders
  A wolf spider (shapeshifter) (Depths:5)
  39 ugly things
  4 shining eyes
  4 salamanders (Depths:5)
  20 moths of wrath
  6 elephants
  A stone giant zombie (Crypt:2)
  4 apis skeletons (Depths:3)
  An apocalypse crab (Abyss:3)
  Joseph (D:10)
  2 manticores
  A water nymph (shapeshifter) (Vaults:3)
  3 eyes of devastation
  3 torpor snails
  3 black mambas
  A smoke demon (Abyss:2)
  7 gargoyles
  14 vault sentinels
  3 centaur skeletons
  4 orange demons (Abyss:2)
  A spiny frog (shapeshifter) (D:11)
  15 spiny frogs
  10 fire giant skeletons (Crypt:3)
  6 swamp worm zombies
  5 komodo dragons
  A shock serpent skeleton (Crypt:3)
  10 rime drakes
  26 yaktaurs
  5 demonic crawlers
  2 hellwings
  2 efreet
  5 tengu conjurers
  A red devil (Depths:5)
  10 freezing wraiths
  2 ice devils
  2 meliai (shapeshifter)
  2 ancient zymes (Abyss:3)
  5 hydra zombies
  2 queen bees (shapeshifter)
  2 polar bears (shapeshifter)
  A queen bee (D:8)
  18 hornets
  37 jumping spiders
  2 alligator zombies (Swamp:4)
  15 tyrant leeches
  A wind drake (Depths:5)
  2 harpy skeletons (Crypt:2)
  8 raiju (Abyss:3)
  10 trolls
  96 slime creatures
  13 bog bodies
  An ettin zombie (Crypt:2)
  8 hippogriffs
  14 large abominations
  A wind drake (shapeshifter) (Vaults:3)
  15 blink frogs
  2 dream sheep (Lair:6)
  A hydra skeleton (Crypt:3)
  5 spectral swamp dragons (Swamp:4)
  A satyr skeleton (Crypt:2)
  61 redbacks
  6 spriggans
  6 air elementals
  An ettin skeleton (Crypt:3)
  5 shadows
  10 wyverns
  A black mamba zombie (Crypt:2)
  16 tarantellas
  11 wraiths
  12 vampires
  5 ynoxinuls
  5 fire elementals
  4 hogs (D:14)
  7 fire dragon skeletons (Crypt:3)
  13 water elementals
  2 humans (D:7)
  7 basilisks
  2 steam dragons (D:12)
  44 yaks
  4 fire bats (Lair:2)
  8 golden eyes
  4 chaos spawn
  4 hungry ghosts
  28 vampire mosquitoes
  2 neqoxecs
  A merfolk zombie (Crypt:2)
  15 swamp worms
  5 wargs
  An emperor scorpion simulacrum (Crypt:2)
  5 soldier ants (Lair:3)
  13 insubstantial wisps
  3 acid dragons
  18 hell hounds
  11 water moccasins
  Duvessa (D:6)
  9 swamp drakes
  10 porcupines
  52 orc warriors
  3 ice beasts
  4 sky beasts
  4 swamp dragon zombies (Swamp:4)
  An elephant zombie (Crypt:1)
  11 eyes of draining
  A necrophage (Crypt:2)
  10 phantoms
  An eye of draining (shapeshifter) (Vaults:4)
  28 ogres
  10 boggarts
  57 wolves
  12 centaurs
  16 crocodiles
  A hog skeleton (Crypt:1)
  A draconian zombie (Crypt:2)
  Blork the orc (D:6)
  20 bullfrogs
  3 earth elementals
  Dowan (D:6)
  14 small abominations
  A queen bee zombie (Crypt:1)
  A shapeshifter zombie (Crypt:1)
  6 scorpions
  A water moccasin skeleton (Crypt:2)
  A human simulacrum (Vaults:3)
  29 killer bees
  A killer bee (shapeshifter) (Depths:3)
  A spriggan skeleton (Crypt:2)
  8 wights
  11 electric eels
  8 howler monkeys
  8 crimson imps
  3 bullfrog zombies
  3 quasits
  16 starcursed masses (Abyss:3)
  5 jellies
  5 hounds
  Crazy Yiuf (D:7)
  31 orc priests
  19 orc wizards
  2 bullfrog skeletons
  3 iron imps
  3 iguanas
  A spectral swamp drake (Swamp:4)
  5 hell rats (Lair:6)
  31 worker ants
  A killer bee zombie (D:9)
  A big kobold zombie (Crypt:1)
  A tengu zombie (Crypt:2)
  A howler monkey zombie (D:8)
  2 worker ant zombies
  4 gnolls
  8 adders
  4 shadow imps
  A white imp (Abyss:2)
  2 ufetubi (Depths:3)
  An ooze (D:1)
  5 adder zombies
  A halfling zombie (Crypt:1)
  An adder skeleton (D:8)
  2 worms (D:4)
  3 leopard geckos
  114 orcs
  3 giant cockroaches
  10 goblins
  9 hobgoblins
  10 jackals
  11 quokkas
  4 ball pythons
  6 bats
  2 frilled lizards
  25 kobolds
  A leopard gecko skeleton (D:6)
  A leopard gecko zombie (D:8)
  A quokka zombie (D:8)
  8 rats
  3 crawling corpses (Elf:3)
  A fungus (Crypt:2)
  10 plants
  A withered plant (Crypt:3)
2555 creatures vanquished.

Vanquished Creatures (collateral kills)
  A draconian annihilator (Depths:5)
  3 purple draconians (Depths:5)
  A two-headed ogre (Depths:1)
  A death drake (Depths:5)
  A lindwurm (Depths:5)
  2 shining eyes
  A manticore (Lair:6)
  A black mamba (Lair:6)
  A wind drake (Depths:5)
  A wraith (Abyss:3)
  2 humans (D:7)
  An eye of draining (Slime:2)
  A scorpion (D:9)
17 creatures vanquished.

Vanquished Creatures (others)
  2 deep elf master archers (Elf:3)
  A ghost moth (Zot:3)
  3 stone giants
  3 yaktaur captains
  3 centaur warriors
  A tengu warrior (D:15)
  2 deep elf archers
  3 deep elf magi
  3 cyclopes
  A spiny frog (Swamp:1)
  15 yaktaurs
  An ancient zyme (Abyss:3)
  A tengu conjurer (Depths:1)
  2 hornets (Depths:3)
  A water elemental (Elf:1)
  A human (D:14)
  An insubstantial wisp (Swamp:4)
  3 centaurs
  2 orcs
  9 bushes (Abyss:2)
  13 demonic plants (Abyss:2)
  55 fungi
  12 plants
  2 starspawn tentacles (Abyss:2)
140 creatures vanquished.

Grand Total: 2712 creatures vanquished

Notes
Turn   | Place    | Note
-------+----------+-------------------------------------------
     0 | D:1      | merak the Tengu Air Elementalist began the quest for the
                  | Orb.
     0 | D:1      | Reached XP level 1. HP: 10/10 MP: 4/4
   173 | D:1      | Reached XP level 2. HP: 15/15 MP: 3/6
   210 | D:1      | Learned a level 2 spell: Swiftness
   939 | D:1      | Reached skill level 1 in Armour
   991 | D:1      | Reached XP level 3. HP: 19/19 MP: 4/7
  2153 | D:2      | Found a blossoming altar of Fedhas.
  3079 | D:3      | Found a bloodstained altar of Trog.
  3083 | D:3      | Reached skill level 5 in Air Magic
  3083 | D:3      | Reached XP level 4. HP: 24/24 MP: 4/8
  3555 | D:4      | Found a glowing drain.
  3564 | Sewer    | Entered a sewer
  3922 | Sewer    | Noticed a crocodile
  3928 | Sewer    | Killed a crocodile
  3928 | Sewer    | Gained mutation: You can fly continuously. [Tengu growth]
  3928 | Sewer    | Reached XP level 5. HP: 28/28 MP: 8/10
  4147 | D:4      | Learned a level 4 spell: Airstrike
  4312 | D:4      | Noticed an ogre
  4346 | D:4      | Killed an ogre
  4346 | D:4      | Reached XP level 6. HP: 33/33 MP: 9/12
  4587 | D:4      | Found a snail-covered altar of Cheibriados.
  4894 | D:5      | Entered Level 5 of the Dungeon
  5019 | D:5      | Reached skill level 5 in Conjurations
  5019 | D:5      | Reached XP level 7. HP: 23/37 MP: 3/13
  5159 | D:5      | Reached skill level 1 in Throwing
  5456 | D:5      | Reached skill level 1 in Fighting
  6037 | D:6      | Reached XP level 8. HP: 43/43 MP: 10/15
  6158 | D:6      | Noticed Duvessa
  6160 | D:6      | Noticed Dowan
  6167 | D:6      | Killed Duvessa
  6175 | D:6      | Killed Dowan
  6175 | D:6      | Reached skill level 2 in Fighting
  6528 | D:6      | Noticed Blork the orc
  6534 | D:6      | Killed Blork the orc
  6809 | D:6      | Reached skill level 3 in Fighting
  6826 | D:6      | Reached skill level 5 in Spellcasting
  6899 | D:6      | Reached skill level 1 in Shields
  7005 | D:6      | Reached skill level 1 in Short Blades
  7005 | D:6      | Reached XP level 9. HP: 50/50 MP: 15/17
  7029 | D:6      | Reached skill level 5 in Armour
  7254 | D:4      | Became a worshipper of Cheibriados the Contemplative
  7524 | D:7      | Found an opulent altar of Gozag.
  7579 | D:7      | Learned a level 1 spell: Animate Skeleton
  7605 | D:7      | Found a runed translucent door.
  7606 | D:7      | Noticed Crazy Yiuf
  7688 | D:7      | Reached skill level 1 in Invocations
  7709 | D:7      | Reached skill level 4 in Fighting
  7750 | D:7      | Reached * piety under Cheibriados
  8136 | D:7      | Found a staircase to the Ecumenical Temple.
  8523 | D:7      | Killed Crazy Yiuf
  8618 | D:8      | Reached skill level 1 in Necromancy
  8621 | D:8      | Reached XP level 10. HP: 58/58 MP: 11/18
  8741 | D:8      | Reached ** piety under Cheibriados
  8741 | D:8      | Reached skill level 5 in Shields
  8843 | D:8      | Reached skill level 5 in Short Blades
  9318 | D:8      | Found a staircase to the Lair.
  9391 | D:8      | Found a shattered altar of Ashenzari.
 10126 | D:9      | Reached skill level 5 in Fighting
 10135 | D:9      | Reached *** piety under Cheibriados
 10451 | D:8      | Learned a level 5 spell: Lightning Bolt
 10768 | D:9      | Found Fufao's Antique Armour Shop.
 10783 | D:9      | Bought a smoking leather armour for 196 gold pieces
 10783 | D:9      | Identified the +2 leather armour of the Blind Marksman
                  | {rElec rN++ rCorr Str-5} (You bought it in a shop on level
                  | 9 of the Dungeon)
 10881 | D:9      | Found a hazy altar of Hepliaklqana.
 11109 | D:9      | Reached **** piety under Cheibriados
 11236 | D:9      | Reached XP level 11. HP: 63/64 MP: 14/19
 11582 | D:10     | Entered Level 10 of the Dungeon
 11617 | D:10     | Noticed Joseph
 11622 | D:10     | Noticed a two-headed ogre
 11652 | D:10     | Learned a level 3 spell: Static Discharge
 11677 | D:10     | Found a flagged portal.
 11685 | Bailey   | Entered a bailey
 11731 | Bailey   | Noticed an orc knight
 11743 | Bailey   | Noticed an orc knight
 12097 | Bailey   | Killed an orc knight
 12177 | Bailey   | Killed an orc knight
 12597 | D:10     | Noticed Erica
 12597 | D:10     | Noticed an orc knight
 12629 | D:10     | Killed a two-headed ogre
 12662 | D:10     | Killed Joseph
 12669 | D:10     | Noticed a deep elf knight
 12902 | D:9      | Bought a glowing chain mail for 210 gold pieces
 13384 | D:10     | Killed an orc knight
 13384 | D:10     | Reached skill level 6 in Fighting
 13919 | D:11     | Reached ***** piety under Cheibriados
 14114 | D:11     | Noticed a salamander
 14115 | D:11     | a salamander changed into a spiny frog
 14493 | D:11     | Noticed a six-headed hydra
 14498 | D:11     | Killed a six-headed hydra
 14716 | D:12     | Noticed a seven-headed hydra
 14795 | Lair:1   | Entered Level 1 of the Lair of Beasts
 14908 | Lair:1   | Reached XP level 12. HP: 64/71 MP: 17/20
 14912 | Lair:1   | Reached skill level 10 in Armour
 15437 | Lair:1   | Learned a level 3 spell: Conjure Flame
 16230 | Lair:1   | Reached skill level 1 in Fire Magic
 16246 | Lair:2   | Reached skill level 7 in Fighting
 16438 | Lair:2   | Noticed a seven-headed hydra
 16445 | Lair:2   | Killed a seven-headed hydra
 16618 | Lair:2   | Found a transporter.
 16664 | Lair:2   | Found the +0 pair of fencer's gloves {Riposte Dex+3}
 16708 | Lair:2   | Found a transporter.
 17393 | Lair:3   | Reached skill level 5 in Invocations
 17563 | Lair:3   | Noticed a four-headed hydra
 17573 | Lair:3   | Killed a four-headed hydra
 18013 | Lair:3   | Noticed a queen ant
 18028 | Lair:3   | Reached ****** piety under Cheibriados
 18049 | Lair:3   | Reached XP level 13. HP: 71/77 MP: 18/21
 18611 | Lair:4   | Found a staircase to the Swamp.
 18710 | Lair:4   | Reached skill level 8 in Fighting
 19007 | Lair:4   | Found a hole to the Spider Nest.
 19322 | Lair:4   | Reached skill level 10 in Short Blades
 19681 | Lair:4   | Reached skill level 9 in Fighting
 19681 | Lair:4   | Reached XP level 14. HP: 70/86 MP: 17/23
 20401 | Lair:5   | Found a transporter.
 20455 | Lair:5   | Found a transporter.
 20472 | Lair:5   | Identified the +2 spear of the Equinox {antimagic, Int+4
                  | Dex+7}
 20472 | Lair:5   | Identified the +4 quarterstaff "Munastrean" {antimagic,
                  | MP+9 Int+2}
 20691 | Lair:5   | Noticed happinesssam's ghost (journeyman FeEn)
 20697 | Lair:5   | Identified the +8 trident "Suomobem" {freeze, +Fly rC+}
 20706 | Lair:5   | Found a bloodstained altar of Trog.
 20751 | Lair:5   | Reached skill level 10 in Shields
 21115 | Lair:6   | Entered Level 6 of the Lair of Beasts
 21325 | Lair:6   | Identified the +7 dagger of Fortitude {flame, rC+ Str+2}
                  | (You found it on level 6 of the Lair of Beasts)
 21370 | Lair:6   | Found a staircase to the Slime Pits.
 22647 | Lair:6   | Noticed a dire elephant
 22662 | Lair:6   | Killed a dire elephant
 23238 | Lair:6   | Identified the Collected Works on Quantum Good Luck
 23357 | Lair:6   | Learned a level 3 spell: Regeneration
 23357 | Lair:6   | Identified a scroll of acquirement
 23360 | Lair:6   | Got an ancient cloak
 23371 | Lair:6   | Identified the +1 cloak of the Blind Marksman {rElec rN+
                  | Str+2} (You acquired it on level 6 of the Lair of Beasts)
 23567 | D:10     | Killed Erica
 23625 | D:10     | Found a staircase to the Orcish Mines.
 23781 | Orc:1    | Entered Level 1 of the Orcish Mines
 23838 | Orc:2    | Entered Level 2 of the Orcish Mines
 23845 | Orc:2    | Paralysed by an orc sorcerer for 3 turns
 24005 | Orc:2    | Found Eguck's Antique Weapon Shoppe.
 24202 | Orc:2    | Noticed Jorgrun
 24207 | Orc:2    | Noticed a stone giant
 24223 | Orc:2    | Killed Jorgrun
 24223 | Orc:2    | Reached skill level 10 in Fighting
 24223 | Orc:2    | Reached skill level 1 in Charms
 24223 | Orc:2    | Reached XP level 15. HP: 73/92 MP: 23/25
 24347 | Orc:2    | Noticed Sonja
 24360 | Orc:2    | Killed Sonja
 24427 | Orc:2    | Found a staircase to the Elven Halls.
 26180 | Orc:2    | Found Joud's Magic Scroll Emporium.
 26182 | Orc:2    | Found Peusch's Magic Scroll Shoppe.
 26660 | Orc:2    | Paralysed by an orc sorcerer for 4 turns
 27327 | Orc:2    | Found Mieruff's Book Boutique.
 27327 | Orc:2    | Found a one-way gate leading to the halls of Pandemonium.
 27327 | Orc:2    | Found Micacaus's Antique Weapon Shop.
 27585 | Orc:1    | Paralysed by an orc sorcerer for 7 turns
 27888 | Orc:1    | Found a roughly hewn altar of Beogh.
 29760 | D:13     | Noticed Azrael
 29775 | D:13     | Killed Azrael
 29913 | D:13     | Found a gate to the Vaults.
 29919 | D:13     | Reached XP level 16. HP: 99/99 MP: 26/26
 30237 | D:13     | Reached skill level 10 in Conjurations
 30305 | D:13     | Found Voucziann's Magic Scroll Emporium.
 30316 | D:13     | Got a spiked shield
 30317 | D:13     | Identified the +2 shield of Foolhardiness {*Slow rC+++
                  | Stlth+} (You acquired it on level 13 of the Dungeon)
 30318 | D:13     | Bought a scroll of teleportation for 48 gold pieces
 30318 | D:13     | Bought a scroll of teleportation for 48 gold pieces
 30318 | D:13     | Bought a scroll of teleportation for 48 gold pieces
 30379 | D:13     | Got a pair of polished gloves
 30380 | D:13     | Identified the cursed +0 pair of gloves of Sloth {+Inv}
                  | (You found it on level 13 of the Dungeon)
 30477 | D:13     | Noticed Josephine
 30483 | D:13     | Killed Josephine
 30605 | D:13     | Found a sparkling altar of Nemelex Xobeh.
 30995 | D:14     | Got a slimy scimitar
 31007 | D:14     | Noticed Kirke
 31893 | D:14     | Noticed Louise
 31908 | D:14     | Cast into level 3 of the Abyss (Louise)
 32211 | Abyss:3  | Found a corrupted altar of Lugonu.
 32254 | Abyss:3  | Learned a level 1 spell: Apportation
 32255 | D:14     | Escaped the Abyss
 32505 | D:14     | Cast into level 3 of the Abyss (Louise)
 32534 | Abyss:3  | Reached skill level 5 in Dodging
 32682 | Abyss:3  | Learned a level 4 spell: Sticky Flame
 32928 | Abyss:3  | Reached skill level 11 in Fighting
 33086 | D:14     | Escaped the Abyss
 33090 | D:14     | Killed Kirke
 33118 | D:14     | Noticed Rupert
 33131 | D:14     | Killed Rupert
 33215 | D:14     | Killed Louise
 33355 | D:14     | Found Wapaemuhia's Weapon Shop.
 33356 | D:14     | Gained mutation: You expend magic power (3 MP) to
                  | strengthen your wands. [potion of mutation]
 33356 | D:14     | Gained mutation: You are frail. (-10% HP) [potion of
                  | mutation]
 33356 | D:14     | Gained mutation: You are resistant to electric shocks.
                  | (rElec) [potion of mutation]
 33357 | D:14     | Lost mutation: You are resistant to electric shocks.
                  | (rElec) [potion of mutation]
 33357 | D:14     | Lost mutation: You are frail. (-10% HP) [potion of
                  | mutation]
 33357 | D:14     | Lost mutation: You expend magic power (3 MP) to strengthen
                  | your wands. [potion of mutation]
 33357 | D:14     | Gained mutation: You have a pair of small horns on your
                  | head. [potion of mutation]
 33357 | D:14     | Gained mutation: Your flesh is cold resistant. (rC+)
                  | [potion of mutation]
 33357 | D:14     | Gained mutation: Potions are less effective at restoring
                  | your health. [potion of mutation]
 33357 | D:14     | Gained mutation: Your movements are slightly less
                  | encumbered by armour. (ER -2) [potion of mutation]
 33767 | Orc:2    | Bought a scroll of teleportation for 48 gold pieces
 33923 | D:15     | Entered Level 15 of the Dungeon
 33953 | D:15     | Found a runed translucent gate.
 33954 | D:15     | Found a runed translucent gate.
 33954 | D:15     | Found a runed translucent gate.
 33955 | D:15     | Noticed Purphixowk's ghost (journeyman DsGl)
 33960 | D:15     | Found an iron altar of Okawaru.
 34302 | D:15     | Identified the +7 scimitar of the Dwarven Hall {antimagic,
                  | rN+ Str+6 Stlth+} (You found it on level 14 of the Dungeon)
 34452 | D:15     | Reached skill level 1 in Translocations
 34837 | D:15     | Found a staircase to the Depths.
 35282 | Depths:1 | Entered Level 1 of the Depths
 35290 | D:15     | Reached skill level 5 in Throwing
 35483 | D:15     | Reached XP level 17. HP: 80/106 MP: 28/28
 35779 | Depths:1 | HP: 2/106 [vampire knight/+0 great mace (34)]
 35783 | Depths:1 | Paralysed by a vampire knight for 3 turns
 36448 | Depths:1 | Found a gateway to Hell.
 36490 | Depths:1 | Reached skill level 12 in Fighting
 36922 | Spider:1 | Entered Level 1 of the Spider Nest
 37384 | Spider:1 | Learned a level 2 spell: Poisonous Vapours
 37644 | Spider:1 | Noticed Donald
 37647 | Spider:1 | Noticed Asterion
 37657 | Spider:1 | Killed Donald
 37657 | Spider:1 | Reached skill level 1 in Poison Magic
 37661 | Spider:1 | Killed Asterion
 37876 | Spider:1 | Learned a level 2 spell: Blink
 38238 | Spider:2 | Reached skill level 10 in Invocations
 40063 | Spider:4 | Entered Level 4 of the Spider Nest
 40211 | Spider:4 | Reached XP level 18. HP: 112/112 MP: 30/30
 42297 | Spider:4 | Noticed Arachne
 42333 | Spider:4 | Killed Arachne
 42668 | Spider:4 | Reached skill level 13 in Fighting
 43322 | Spider:4 | Reached skill level 15 in Armour
 43426 | Spider:4 | Got a gossamer rune of Zot
 43728 | Swamp:1  | Entered Level 1 of the Swamp
 44201 | Orc:2    | Bought a book of Battle for 600 gold pieces
 44204 | Orc:2    | Learned a level 2 spell: Song of Slaying
 44482 | Swamp:1  | Reached skill level 10 in Dodging
 45605 | Swamp:2  | Reached XP level 19. HP: 120/120 MP: 33/33
 47329 | Swamp:4  | Entered Level 4 of the Swamp
 47741 | Swamp:4  | Found a runed translucent door.
 47742 | Swamp:4  | Found a shimmering altar of Xom.
 47742 | Swamp:4  | Noticed mortelune's ghost (adept DEFE)
 47742 | Swamp:4  | Identified the +5 morningstar "Hydrabane" {chaos, +Fly
                  | Dex+6 SInv}
 48078 | Swamp:4  | Reached skill level 10 in Spellcasting
 48124 | Swamp:4  | Noticed a bone dragon
 48162 | Swamp:4  | Killed a bone dragon
 48162 | Swamp:4  | Reached skill level 14 in Fighting
 48250 | Swamp:4  | Got a decaying rune of Zot
 49101 | Vaults:1 | Entered Level 1 of the Vaults
 49280 | Vaults:1 | Found a flickering gateway to a bazaar.
 49307 | Bazaar   | Entered a bazaar
 49308 | Bazaar   | Found Zycua's Assorted Antiques.
 49308 | Bazaar   | Found Seugoabi's Food Emporium.
 49309 | Bazaar   | Found Iheng's Armour Shop.
 49340 | Bazaar   | Found Idieg's Antique Armour Boutique.
 49359 | Bazaar   | Bought a scroll of acquirement for 1664 gold pieces
 49912 | Vaults:1 | Noticed a Brimstone Fiend
 51092 | Vaults:2 | Reached XP level 20. HP: 127/127 MP: 33/35
 51149 | Vaults:2 | Reached skill level 15 in Fighting
 52051 | Vaults:2 | Cast into level 2 of the Abyss (a deep elf sorcerer)
 52109 | Abyss:2  | Learned a level 5 spell: Borgnjor's Vile Clutch
 52264 | Abyss:2  | Gained mutation: Armour fits poorly on your strangely
                  | shaped body. [a cacodemon]
 52267 | Abyss:2  | Gained mutation: You are occasionally teleported next to
                  | monsters. [a cacodemon]
 52270 | Abyss:2  | Gained mutation: You are clumsy. (Dex -2) [a cacodemon]
 52393 | Abyss:2  | Noticed a lich
 52396 | Abyss:2  | Paralysed by a lich for 2 turns
 52402 | Abyss:2  | Killed a lich
 52402 | Abyss:2  | Reached skill level 1 in Earth Magic
 52726 | Abyss:2  | Reached skill level 5 in Necromancy
 52730 | Abyss:2  | Gained mutation: Your spells are a little easier to cast,
                  | but a little less powerful. [a shining eye]
 52733 | Abyss:2  | Reached skill level 16 in Fighting
 52744 | Vaults:2 | Escaped the Abyss
 52952 | Vaults:2 | Found a staircase to the Crypt.
 53104 | Vaults:2 | Lost mutation: Your flesh is cold resistant. (rC+) [potion
                  | of mutation]
 53104 | Vaults:2 | Lost mutation: You are clumsy. (Dex -2) [potion of
                  | mutation]
 53104 | Vaults:2 | Lost mutation: Armour fits poorly on your strangely shaped
                  | body. [potion of mutation]
 53104 | Vaults:2 | Gained mutation: You are agile. (Dex +2) [potion of
                  | mutation]
 53157 | Vaults:3 | Found Ineajues's Weapon Shop.
 53234 | Vaults:3 | HP: 6/132 [slime creature (14)]
 53375 | Vaults:3 | Found Juleg's Antique Armour Boutique.
 53573 | Vaults:3 | Found Xes Pupse's Food Emporium.
 53728 | Vaults:3 | Reached XP level 21. HP: 137/137 MP: 36/36
 53882 | Vaults:3 | Found Marchonau's Antique Armour Emporium.
 54454 | Vaults:4 | Found a blossoming altar of Fedhas.
 54524 | Vaults:4 | Reached skill level 17 in Fighting
 54636 | Vaults:4 | Paralysed by a great orb of eyes for 5 turns
 55213 | Vaults:4 | Found a portal to a secret trove of treasure.
 56061 | Vaults:5 | Entered Level 5 of the Vaults
 56251 | Crypt:1  | Entered Level 1 of the Crypt
 57158 | Crypt:1  | Identified the +1 scale mail of Ennui {-Tele rN+ Str+3}
                  | (You found it on level 1 of the Crypt)
 57482 | Crypt:2  | Reached skill level 5 in Earth Magic
 57508 | Crypt:2  | Reached XP level 22. HP: 145/146 MP: 25/37
 57535 | Crypt:2  | Noticed Sojobo
 57547 | Crypt:2  | Killed Sojobo
 57547 | Crypt:2  | Reached skill level 10 in Necromancy
 57896 | Crypt:2  | Reached skill level 18 in Fighting
 58273 | Crypt:2  | Found an ancient bone altar of Kikubaaqudgha.
 58364 | Crypt:2  | Learned a level 5 spell: Irradiate
 58398 | Crypt:3  | Entered Level 3 of the Crypt
 58798 | Crypt:3  | Reached skill level 1 in Transmutations
 60046 | Crypt:3  | Found a staircase to the Tomb.
 60206 | Crypt:3  | Identified the +5 chain mail of Viutyv {*Contam Str+4} (You
                  | found it on level 3 of the Crypt)
 60267 | Crypt:3  | Identified the Grimoire of Stolen Souls
 60286 | Crypt:3  | Noticed an ancient lich
 60296 | Crypt:3  | Killed an ancient lich
 60528 | Crypt:3  | Identified the Compendium of Shifting Hexes
 60654 | Crypt:3  | Found an ancient bone altar of Kikubaaqudgha.
 60656 | Crypt:3  | Noticed an ancient lich
 61203 | Crypt:3  | Killed an ancient lich
 61649 | Crypt:3  | Noticed an ancient lich
 61668 | Crypt:3  | Killed an ancient lich
 62294 | Depths:1 | Noticed Bai Suzhen
 62309 | Depths:1 | Noticed a caustic shrike
 62316 | Depths:1 | Killed Bai Suzhen
 62420 | Depths:1 | Killed a caustic shrike
 62422 | Depths:1 | Reached XP level 23. HP: 153/153 MP: 28/38
 62541 | Depths:1 | Identified the cursed ring "Vuinny" {rPois rF+ Int-6 Dex+3}
                  | (You found it on level 1 of the Depths)
 62571 | Depths:1 | Identified the +1 chain mail of Okawaru's Displeasure {rN+
                  | Int+2} (You found it on level 1 of the Depths)
 62792 | Vaults:4 | You paid a toll of +4 ice dragon scales to enter a treasure
                  | trove
 62793 | Trove    | Entered a treasure trove
 62796 | Trove    | Found the +18 shield of the Gong {rElec rN+ MR+ EV-5}
 62796 | Trove    | Found the +7 Kryia's mail coat {PotionHeal*2 rC+}
 62801 | Trove    | Identified the +2 hat of Yvuw Cyp {-Cast Int+4 Stlth+} (You
                  | found it in a treasure trove)
 62808 | Trove    | Identified the +1 plate armour of the Vestibule of Hell
                  | {rN+ MR+ Regen+} (You found it in a treasure trove)
 62810 | Trove    | Identified the +8 chain mail "Obliary" {*Contam rC+++
                  | Regen+ Dex-3} (You found it in a treasure trove)
 62815 | Trove    | Identified the +3 buckler "Doak" {rC+ Str+6 Int-4 Stlth-}
                  | (You found it in a treasure trove)
 63074 | D:15     | Killed Purphixowk's ghost
 63416 | Elf:1    | Entered Level 1 of the Elven Halls
 64756 | Elf:2    | Found Utepn's Antique Weapon Shoppe.
 64764 | Elf:2    | Bought a brightly glowing war axe for 153 gold pieces
 64963 | Elf:2    | Got an ancient glass ring
 64965 | Elf:2    | Identified the ring of Iwabolat {+Inv rC+ MP+9} (You
                  | acquired it on level 2 of the Elven Halls)
 65148 | Elf:2    | Reached skill level 5 in Transmutations
 65350 | Elf:2    | Found a runed translucent door.
 65354 | Elf:2    | Found a runed translucent door.
 65710 | Elf:3    | Entered Level 3 of the Elven Halls
 65879 | Elf:3    | Reached skill level 19 in Fighting
 66228 | Elf:3    | Found the amulet of the Air {Inacc +Fly rElec EV+5 RMsl}
 66265 | Elf:3    | Got a glittering ruby amulet
 66267 | Elf:3    | Got a steaming lapis lazuli ring
 66281 | Elf:3    | Identified the ring "Iviluma" {rPois rC- MR+ Int-5 Stlth+}
                  | (You found it on level 3 of the Elven Halls)
 66288 | Elf:3    | Reached XP level 24. HP: 160/160 MP: 22/38
 66357 | Elf:3    | Identified the cursed +0 flail of Blood-Lust {pain, Str-2
                  | Dex+4 SInv}
 66543 | Elf:3    | Identified the Catalogue of the Compass
 66657 | Elf:3    | Reached skill level 15 in Shields
 66839 | Elf:3    | Identified the Grimoire of Envenoming
 66843 | Elf:3    | Identified the Incunabulum of Ashen Sinister Magic
 67140 | Orc:2    | Bought a scroll of identify for 22 gold pieces
 67140 | Orc:2    | Bought a scroll of identify for 22 gold pieces
 67143 | Orc:2    | Identified the amulet "Xaelic" {Faith rC- Dex+4} (You found
                  | it on level 3 of the Elven Halls)
 67670 | Depths:2 | Noticed Mara
 67683 | Depths:2 | Killed Mara
 67880 | Depths:2 | Reached skill level 20 in Fighting
 67910 | Depths:2 | Noticed Saint Roka
 67931 | Depths:2 | Killed Saint Roka
 68268 | Depths:2 | Found Saoner's Gadget Boutique.
 68268 | Depths:2 | Found Jagg's Jewellery Shoppe.
 68269 | Depths:2 | Found Voifed's Gadget Boutique.
 68702 | Depths:2 | Reached skill level 21 in Fighting
 69285 | Depths:2 | Found a shattered altar of Ashenzari.
 69573 | Depths:3 | Reached XP level 25. HP: 141/172 MP: 36/38
 69751 | Depths:3 | Noticed a juggernaut
 69771 | Depths:3 | Killed a juggernaut
 69836 | Depths:3 | Found a gateway to a ziggurat.
 69907 | Depths:3 | Lost mutation: You are agile. (Dex +2) [potion of mutation]
 69907 | Depths:3 | Lost mutation: Your movements are slightly less encumbered
                  | by armour. (ER -2) [potion of mutation]
 69907 | Depths:3 | Gained mutation: You are somewhat resistant to further
                  | mutation. [potion of mutation]
 69988 | Depths:3 | Reached skill level 22 in Fighting
 70856 | Depths:3 | Found a basalt altar of Yredelemnul.
 71017 | Depths:4 | Learned a level 4 spell: Summon Lightning Spire
 71106 | Depths:4 | Reached skill level 1 in Summonings
 71177 | Depths:4 | Reached skill level 23 in Fighting
 71399 | Depths:4 | Found a shadowy altar of Dithmenos.
 71735 | Vaults:3 | Bought faintly humming pearl dragon scales for 5278 gold
                  | pieces
 71735 | Vaults:3 | Identified the cursed +0 pearl dragon scales of Beogh {rF+
                  | rN+ rCorr Dex-3 Stlth+} (You bought it in a shop on level 3
                  | of the Vaults)
 72156 | Slime:1  | Entered Level 1 of the Pits of Slime
 72641 | Slime:1  | Reached XP level 26. HP: 163/183 MP: 38/38
 73575 | Slime:4  | Reached skill level 24 in Fighting
 74751 | Orc:2    | Bought a scroll of immolation for 38 gold pieces
 75107 | Slime:5  | Entered Level 5 of the Pits of Slime
 75133 | Slime:5  | Lost mutation: Your spells are a little easier to cast, but
                  | a little less powerful. [a shining eye]
 75149 | Slime:5  | Noticed the Royal Jelly
 75158 | Slime:4  | Reached skill level 5 in Summonings
 75327 | Slime:5  | Killed the Royal Jelly
 75327 | Slime:5  | Reached skill level 10 in Air Magic
 75763 | Slime:5  | Reached XP level 27. HP: 139/192 MP: 16/39
 75785 | Slime:5  | Identified the +5 long sword "Feregez" {freeze, rN+} (You
                  | found it on level 5 of the Pits of Slime)
 75794 | Slime:5  | Found the ring of the Octopus King
 75794 | Slime:5  | Got a smoking plate armour
 75805 | Slime:5  | Identified the cursed +0 plate armour of Gehenna {rCorr}
                  | (You found it on level 5 of the Pits of Slime)
 75825 | Slime:5  | Got a scorched lapis lazuli ring
 75827 | Slime:5  | Identified the ring of Fan Ygru {rPois rF+ MR+ rCorr} (You
                  | found it on level 5 of the Pits of Slime)
 75881 | Slime:5  | Identified a ring of the Octopus King {rC+ AC+1 EV+1 Str+1
                  | Int+1 Dex+1} (You found it on level 5 of the Pits of Slime)
 75902 | Slime:5  | Got a slimy rune of Zot
 76739 | Depths:4 | Found a one-way gate to the infinite horrors of the Abyss.
 77128 | Depths:5 | Entered Level 5 of the Depths
 77128 | Depths:5 | Found Eganair's Weapon Emporium.
 77168 | Depths:5 | Reached skill level 25 in Fighting
 77173 | Depths:5 | Noticed a juggernaut
 77184 | Depths:5 | Killed a juggernaut
 77288 | Depths:5 | Noticed Xtahua
 77332 | Depths:5 | Killed Xtahua
 77842 | Depths:5 | Found a gate to the Realm of Zot.
 77905 | Depths:5 | Reached skill level 1 in Long Blades
 78026 | Depths:5 | HP: 5/193 [green draconian monk (10)]
 78228 | Depths:5 | Identified Sif Muna's Reference Book on Venom and the Birds
 79078 | Zot:1    | Entered Level 1 of the Realm of Zot
 79134 | Zot:1    | Reached skill level 5 in Long Blades
 79373 | Zot:1    | Lost mutation: You are occasionally teleported next to
                  | monsters. [potion of mutation]
 79373 | Zot:1    | Lost mutation: Potions are less effective at restoring your
                  | health. [potion of mutation]
 79373 | Zot:1    | Lost mutation: You are somewhat resistant to further
                  | mutation. [potion of mutation]
 79373 | Zot:1    | Gained mutation: You are somewhat resistant to further
                  | mutation. [potion of mutation]
 79373 | Zot:1    | Gained mutation: Your movements are slightly less
                  | encumbered by armour. (ER -2) [potion of mutation]
 80072 | Depths:2 | Bought a wand of digging (7) for 396 gold pieces
 80281 | Zot:2    | Reached skill level 10 in Long Blades
 80547 | Zot:2    | Noticed an orb of fire
 80552 | Zot:2    | Killed an orb of fire
 80845 | Zot:2    | Noticed an orb of fire
 80855 | Zot:2    | Killed an orb of fire
 80873 | Zot:2    | Reached skill level 15 in Long Blades
 81032 | Zot:2    | Learned a level 3 spell: Ignite Poison
 81039 | Zot:2    | Learned a level 6 spell: Statue Form
 81198 | Zot:2    | You are sucked into a shaft and drop 2 floors!
 81259 | Zot:3    | Noticed an orb of fire
 81264 | Zot:3    | Killed from afar by an orb of fire

Levels and vault maps discovered:
D:1:      onia_arrival_larder, layout_loops_ring
D:2:      layout_basic, fedhas_altar_3, minmay_misc_feat_x
D:3:      layout_basic, trog_hazing_becter
D:4:      layout_basic, portal_sewer_entry_d, first_ration, chei_slow_surprise
D:5:      layout_loops_cross
D:6:      layout_loops_cross, chequers_serial_rivers_small_b,
          kennysheep_generic_room_3, uniq_duvessa, uniq_blork_the_orc
D:7:      layout_loops_cross, minmay_temple_entry_sparse_star, basic_altar,
          minmay_ruffians, uniq_crazy_yiuf_cottage
D:8:      layout_basic, dpeg_oklobed_lair, basic_altar, david_nohive_1,
          dk_noncrumbling_3
D:9:      layout_rooms, basic_altar, serial_shops, nicolae_shop_stone,
          kennysheep_nondescript
D:10:     layout_long_grid, orc_0_dummy, enter_bailey_3, sword_in_stone
D:11:     layout_irregular_city
D:12:     layout_loops_ring, serial_bayou, serial_bayou_lake_a,
          serial_bayou_pond_e, serial_bayou_pond_a, serial_bayou_lagoon_a,
          serial_bayou_pond_b
D:13:     layout_small_grid, david_vaults_2, basic_altar, serial_shops,
          shop_fountains, uniq_azrael, uniq_josephine
D:14:     layout_small_grid, serial_shops, shop_fountains, uniq_kirke,
          uniq_rupert, uniq_louise
D:15:     hangedman_depths_entry_civil_slaughter, layout_loops_corners,
          gammafunk_ghost_fury_of_okawaru, lemuel_statue_altar
Lair:1:   layout_cave_shapes, beast_lair_carwin_4
Lair:2:   gammafunk_cloud_chamber, layout_misc_corridors
Lair:3:   layout_cave_shapes, st_stairs_9, serial_bayou_pond_d,
          minmay_another_anthill, serial_bayou_shore_a
Lair:4:   layout_loops_ring, skrybe_swamp_entry_bodies, spider_nest_entry_a,
          special_room [special_room_mythical_zoo],
          grunt_forest_large_clearings, serial_bayou_shore_b
Lair:5:   layout_long_grid, gammafunk_ghost_wrathful_warriors, wad_woods_03,
          infiniplex_staircase_pool, grunt_megastairs_4, lemuel_fruit_tree
Lair:6:   hangedman_lair_in_review, layout_cave_pods, slime_dummy
Swamp:1:  layout_basic_swamp, nicolae_swamp_trees_clearing,
          infiniplex_staircase_pool_2
Swamp:2:  layout_basic_swamp, evilmike_swamp_ruin_rubble_1, swamp_pool4,
          hangedman_swamp_wriggling
Swamp:3:  layout_basic_swamp, hangedman_swamp_diagram
Swamp:4:  swamp_pestilence, layout_basic_swamp, ebering_ghost_xom
Spider:1: layout_spider_delve, uniq_donald, uniq_asterion
Spider:2: layout_spider_delve
Spider:3: layout_spider_delve
Spider:4: johnstein_spider_rune_arachne_lair
Slime:1:  layout_caves
Slime:2:  layout_caves, cheibrodos_slime_lost_civilization_5
Slime:3:  layout_caves
Slime:4:  layout_caves
Slime:5
Orc:1:    layout_diamond_mine, basic_altar
Orc:2:    pf_orc_diabolical, layout_diamond_mine, serial_shops, shop,
          special_room, nicolae_orc_crystal_geode, uniq_jorgrun, uniq_sonja
Elf:1:    minmay_elf_arrival_plus, layout_loops_corners, minivault_28
Elf:2:    layout_onion_city, serial_shops, shop
Elf:3:    elf_hall_gauntlet_narrow, layout_geoelf_octagon
Vaults:1: hangedman_vaults_trim, ontoclasm_vaults_claustrophobia,
          vaults_room_boxed, hangedman_vaults_trim,
          nicolae_vaults_circle_grid_b, vaults_dpeg_spiral, grunt_vaults_twisty,
          nicolae_vaults_puzzle_piece, nicolae_vaults_network_square,
          vaults_room_octagon, ontoclasm_vaults_ligature, vaults_dpeg_ring,
          layout_vaults_maze_snakey, serial_shops, bzr_entry_customers
Vaults:2: nicolae_vaults_puzzle_piece, minmay_crypt_entry_vampire_xt, v_misc_22,
          vaults_room_pool, vaults_room_hallway, vaults_room_grid,
          vaults_room_semicircle, layout_vaults_omnigrid
Vaults:3: kb_rosetta, nicolae_vaults_mini_display_case,
          nicolae_vaults_ring_of_whatevers, ontoclasm_vaults_twist,
          vaults_room_pool, nicolae_vaults_network_s,
          vaults_room_grunt_arrival_ludios, vaults_room_ringed_pool,
          vaults_dpeg_doors, v_rooms_3, nicolae_vaults_shelves_hall, v_misc_8,
          dpeg_vaults_monster_box, layout_vaults_big_room, serial_shops, shop,
          nicolae_shop_stone, shop, nicolae_shop_window_shopping
Vaults:4: v_pattern_5, ontoclasm_vaults_shuriken, v_misc_26,
          hangedman_vaults_cutoff, nicolae_vaults_windows_and_doors_thing,
          nicolae_vaults_network_quinsquares
          [nicolae_vaults_network_quincunx_subvault,
          nicolae_vaults_network_quincunx_subvault,
          nicolae_vaults_network_quincunx_subvault,
          nicolae_vaults_network_quincunx_subvault],
          hangedman_vaults_restitches, ontoclasm_vaults_ring_square,
          nicolae_vaults_big_angled_halls, grunt_vaults_focal, v_alt_pattern_1,
          nicolae_vaults_theta, grunt_vaults_hallway_short,
          nicolae_vaults_little_squares_6, nicolae_vaults_specimen_jars,
          layout_vaults_omnicross, enter_trove_2, basic_altar
Vaults:5
Crypt:1:  layout_chaotic_city, roderic_lattice_octagonal_star,
          grunt_crypt_arrival_webbed
Crypt:2:  layout_chaotic_city, weyrava_vampire_temple, uniq_sojobo
Crypt:3:  quadcrypt_mu
Depths:1: layout_cave_pools, hell_entry, grunt_ministairs_12, minivault_12,
          uniq_bai_suzhen
Depths:2: minmay_blocking_statues, layout_gridlike, grunt_hell_entry_dis_mu,
          ashenzari_altar_1, infiniplex_staircase_star, minmay_shop_grove,
          uniq_mara, uniq_saint_roka
Depths:3: minmay_the_grid_triangle_9x9_line_8_mashed
          [minmay_the_grid_triangle_9x9_from_above,
          minmay_the_grid_triangle_9x9_intruding_spiral,
          minmay_the_grid_triangle_9x9_windchime,
          minmay_the_grid_triangle_9x9_impossible_snake,
          minmay_the_grid_triangle_9x9_longest,
          minmay_the_grid_triangle_9x9_dagger,
          minmay_the_grid_triangle_9x9_flanged_cone,
          minmay_the_grid_triangle_9x9_prize_insulated], layout_gridlike,
          enter_ziggurat_c, grunt_hell_horde, grunt_pan_entry_in_and_out,
          minmay_misc_feat_secret_circle, hangedman_blasphemy
Depths:4: hangedman_cross_cluster, layout_gridville, hell_entry,
          minmay_room_of_horrors, minivault_11
Depths:5: lemuel_castle_with_subvaults [lemuel_castle_interior_carwin_2],
          layout_cave_pools, serial_shops, shop_fountains, serial_bayou_pond_d,
          hell_entry, rand_demon_pan_entry_9, uniq_xtahua
Zot:1:    kennysheep_ambush_hall, layout_onion_interference, hangedman_zot_gyre
Zot:2:    grunt_zot_stairs_mandelzot, layout_basic
Zot:3:    layout_concentric_octagons
Zot:4:    layout_onion, st_stairs_5

Skill      XL: |  1  2  3  4  5  6  7  8  9 10 11 12 13 14 15 16 17 18 19 20 21 22 23 24 25 26 27 |
---------------+----------------------------------------------------------------------------------+-----
Armour         | 1 2 3 4 5 7 9 12 13 14 15 17 18 | 18.0
Conjurations   | 2 3 4 5 7 8 9 10 11 12 | 12.0
Air Magic      | 5 6 7 8 10 13 | 13.0
Spellcasting   | 3 4 5 6 7 9 10 11 | 11.3
Throwing       | 1 2 4 5 7 8 |  8.0
Fighting       | 1 3 4 5 6 7 9 10 11 12 13 14 16 17 18 19 21 23 24 25 | 25.5
Shields        | 1 4 6 7 9 11 12 14 15 | 15.0
Short Blades   | 1 4 6 8 9 10 11 12 | 12.0
Invocations    | 2 3 4 5 6 7 8 9 10 11 12 | 12.2
Necromancy     | 1 2 4 6 9 12 | 12.3
Fire Magic     | 3 4 |  4.0
Charms         | 1 2 3 4 |  4.0
Dodging        | 4 6 8 10 11 | 11.0
Translocations | 1 3 4 |  4.0
Poison Magic   | 2 |  2.4
Earth Magic    | 3 5 6 7 |  7.7
Transmutations | 3 5 6 7 |  7.1
Summonings     | 3 6 7 |  7.9
Long Blades    | 15 | 15.2
Stealth        | |  2.0
Evocations     | |  0.3

Action                   |  1- 3 |  4- 6 |  7- 9 | 10-12 | 13-15 | 16-18 | 19-21 | 22-24 | 25-27 || total
-------------------------+-------+-------+-------+-------+-------+-------+-------+-------+-------++-------
Melee: Club              |    15 |    11 |    12 |       |       |       |       |       |       ||    38
       Kick              |     2 |     2 |    31 |   291 |   735 |   771 |   982 |   919 |   975 ||  4708
       Peck              |     2 |     1 |    29 |   171 |   435 |   472 |   575 |   539 |   601 ||  2825
       Halberd           |       |       |     3 |       |       |       |       |       |       ||     3
       Spear             |       |       |     2 |       |       |       |       |       |       ||     2
       Short sword       |       |       |   128 |   581 |  1149 |  1162 |  1373 |  1129 |  1196 ||  6718
       Headbutt          |       |       |       |       |       |   331 |   603 |   550 |   600 ||  2084
       Scimitar          |       |       |       |       |       |       |    11 |    21 |       ||    32
       Dagger            |       |       |       |       |       |       |       |    62 |       ||    62
       Quick blade       |       |       |       |       |       |       |       |    33 |       ||    33
       Double sword      |       |       |       |       |       |       |       |       |   164 ||   164
Throw: Dart              |       |    10 |    11 |    41 |       |   188 |       |    12 |       ||   262
       Throwing net      |       |     1 |     1 |       |       |       |       |       |     2 ||     4
       Boomerang         |       |       |       |     7 |   205 |   253 |   216 |   267 |   210 ||  1158
 Cast: Shock             |    97 |    60 |   138 |   163 |    84 |    10 |       |       |       ||   552
       Animate Skeleton  |       |       |     4 |     4 |     9 |     9 |       |       |       ||    26
       Airstrike         |       |       |       |     6 |     5 |     6 |     1 |       |    12 ||    30
       Static Discharge  |       |       |       |     4 |       |       |       |     5 |     1 ||    10
       Conjure Flame     |       |       |       |       |    10 |    16 |    13 |     9 |     2 ||    50
       Lightning Bolt    |       |       |       |       |     3 |    21 |     4 |       |     3 ||    31
       Regeneration      |       |       |       |       |       |    33 |    30 |    49 |    47 ||   159
       Sticky Flame      |       |       |       |       |       |     7 |    12 |    27 |     3 ||    49
       Poisonous Vapours |       |       |       |       |       |     8 |     3 |       |       ||    11
       Song of Slaying   |       |       |       |       |       |    16 |    72 |    45 |    51 ||   184
       Borgnjor's Vile C |       |       |       |       |       |       |    10 |    45 |    21 ||    76
       Irradiate         |       |       |       |       |       |       |       |     1 |     6 ||     7
       Summon Lightning  |       |       |       |       |       |       |       |       |    29 ||    29
       Statue Form       |       |       |       |       |       |       |       |       |     2 ||     2
Invok: Bend Time         |       |       |       |     3 |     2 |       |       |       |     1 ||     6
       Slouch            |       |       |       |       |     4 |    23 |    13 |    12 |    11 ||    63
 Abil: Fly               |       |     1 |       |       |     1 |       |       |     2 |     2 ||     6
       Stop Flying       |       |       |       |       |     1 |       |       |     3 |     1 ||     5
Evoke: Wand              |       |       |       |    11 |     1 |     4 |       |       |       ||    16
       Phantom mirror    |       |       |       |     1 |       |       |       |       |       ||     1
       Box of beasts     |       |       |       |       |       |     1 |       |       |       ||     1
  Use: Scroll            |       |     7 |     1 |    21 |     7 |    13 |     8 |    41 |    19 ||   117
       Potion            |       |     1 |       |     3 |     2 |     4 |     3 |     5 |    16 ||    34
 Stab: Sleeping          |       |       |     1 |     4 |       |       |       |       |     1 ||     6
       Distracted        |       |       |       |       |     3 |       |       |     1 |     7 ||    11
       Petrifying        |       |       |       |       |     1 |       |       |       |       ||     1
       Petrified         |       |       |       |       |     1 |       |       |       |       ||     1
       Paralysed         |       |       |       |       |     1 |       |       |       |       ||     1
       Confused          |       |       |       |       |       |     1 |       |       |     1 ||     2
  Eat: Chunk             |     8 |     6 |    11 |    15 |    22 |    24 |     8 |    12 |     4 ||   110
       Ration            |       |       |       |       |       |     3 |     6 |     5 |     6 ||    20
Armor: Robe              |     9 |       |       |       |       |       |       |       |       ||     9
       Ring mail         |     1 |    16 |    45 |    34 |       |       |       |       |       ||    96
       Leather armour    |       |       |       |     7 |       |       |       |       |       ||     7
       Chain mail        |       |       |       |   148 |   241 |   271 |    17 |       |       ||   677
       Plate armour      |       |       |       |       |       |       |   206 |   246 |   113 ||   565
       Pearl dragon scal |       |       |       |       |       |       |       |       |   112 ||   112
       Skin              |       |       |       |       |       |       |       |       |    34 ||    34
Dodge: Dodged            |    24 |    18 |    79 |   191 |   205 |   431 |   485 |   420 |   420 ||  2273
Block: Shield            |       |       |    62 |   456 |   743 |   947 |   963 |  1359 |  1652 ||  6182
       Reflection        |       |       |       |       |    59 |    43 |    81 |   119 |    66 ||   368
       Rpst.: Short sword |       |       |       |     1 |    46 |    76 |    51 |    53 |    46 ||   273
       Scimitar          |       |       |       |       |       |       |     1 |     7 |       ||     8
       Dagger            |       |       |       |       |       |       |       |     5 |       ||     5
       Double sword      |       |       |       |       |       |       |       |       |     9 ||     9
